 Dungeon Crawl Stone Soup version 0.21.1-1-g345015fe64 (webtiles) character file.

9796 Rrauwl the Nimble (level 11, -1/106 HPs)
             Began as an Octopode Berserker on Feb 27, 2018.
             Was a High Priest of Trog.
             Slain by a centaur (9 damage)
             ... on level 11 of the Dungeon.
             The game lasted 00:31:34 (9911 turns).

Rrauwl the Nimble (Octopode Berserker)              Turns: 9911, Time: 00:31:34

Health: -1/106     AC: -3    Str: 25    XL:     11   Next: 52%
Magic:  4/4        EV: 22    Int: 10    God:    Trog [*****.]
Gold:   440        SH:  5    Dex: 14    Spells: 10/10 levels left

rFire    . . .     SeeInvis +   d - +1 broad axe (antimagic)
rCold    . . .     Gourm    .   b - +0 buckler
rNeg     . . .     Faith    .   g - +0 hat
rPois    .         Spirit   .   o - amulet of harm (curse)
rElec    +         Reflect  .   v - +3 ring of dexterity
rCorr    .         Harm     +   n - ring of protection from magic
MR       +....                  (no ring)
Stlth    ..........             (no ring)
HPRegen  0.27/turn              (no ring)
MPRegen  0.09/turn              (no ring)
                                (no ring)
                                (no ring)

@: berserking, corroded, very quick
A: almost no armour, stealthy swim, amphibious, 8 rings, constrict 8, repulsion
field 1, camouflage 1, see invisible, electricity resistance, gelatinous body 1
a: Berserk, Trog's Hand, Brothers in Arms, Burn Spellbooks, Renounce Religion


You were on level 11 of the Dungeon.
You worshipped Trog.
Trog was extremely pleased with you.
You were hungry.

You visited 2 branches of the dungeon, and saw 12 of its levels.

You collected 440 gold pieces.

Inventory:

Hand Weapons
 a - a +4 broad axe of chopping
 c - a +3 morningstar of holy wrath
 d - a +1 antimagic broad axe (weapon)
 t - a +2 vampiric war axe
Missiles
 u - 2 throwing nets (quivered)
Armour
 b - a +0 buckler (worn)
 g - a +0 hat (worn)
Jewellery
 f - an uncursed amulet of faith
 n - a ring of protection from magic (right tentacle)
 o - a cursed amulet of harm (around mantle)
 v - a +3 ring of dexterity (left tentacle)
Wands
 j - a wand of digging (36)
 l - a wand of paralysis (18)
 p - a wand of iceblast (4)
 s - a wand of acid (7)
Scrolls
 h - 5 scrolls of teleportation
 i - 6 scrolls of identify
 k - 3 scrolls of remove curse
Potions
 m - 2 potions of heal wounds
 q - 2 potions of flight
 r - a potion of lignification
 w - a potion of brilliance
 x - 5 potions of curing
Comestibles
 e - 8 rations
 z - 3 chunks of flesh


   Skills:
 - Level 5.0 Fighting
 + Level 11.4 Axes
 + Level 11.5 Dodging
 - Level 5.0 Shields
 - Level 5.0 Evocations


You had 10 spell levels left.
You didn't know any spells.

Dungeon Overview and Level Annotations

Branches:
Dungeon (11/15)            Temple (1/1) D:7
   Lair: D:8-11         Orc: D:9-12

Altars:
Ashenzari
Cheibriados
Dithmenos
Elyvilon
Fedhas
Gozag
Hepliaklqana
Kikubaaqudgha
Makhleb
Nemelex Xobeh
Okawaru
Qazlal
Ru
Sif Muna
Trog
Uskayaw
Vehumet
Wu Jian
Xom
Yredelemnul
Zin
The Shining One

Shops:
D:5 :   D:11 =


Innate Abilities, Weirdness & Mutations

You cannot wear most types of armour.
You are very stealthy in the water. (Stealth+)
You are amphibious.
You can wear up to eight rings at the same time.
You can use your tentacles to constrict eight enemies at once.
Your skin changes colour to match your surroundings (Stealth+).
Your rubbery body absorbs attacks. (AC +1, EV +1)
You are surrounded by a mild repulsion field. (EV +2)
You have supernaturally acute eyesight. (SInv)
You are resistant to electric shocks. (rElec)


Message History

Trog accepts your kill.
You slash the centaur!
The centaur wields a shortbow.
The centaur shoots an arrow.
The arrow hits you.
The centaur wields an uncursed shortbow.
The centaur shoots an arrow.
You block the arrow. The acid dragon spits acid at you.
The splash of acid hits you!
* * * LOW HITPOINT WARNING * * *
The acid corrodes you!
You are splashed with acid!
The acid burns!
* * * LOW HITPOINT WARNING * * *
You are too berserk!
You slash the centaur!
You kill the centaur!
Trog accepts your kill.
The centaur shoots an arrow.
The arrow misses you.
You hear a shout!
Unknown command.
The centaur unwields an uncursed shortbow.
The centaur hits you!
You die...

## ####### #### ###
....... #.. ..# .......
#.# #.#
....D.c######+#+#.####.#
.....cc@(..............#
.......).(........###..#
..#####..!........# #...
#......(....# #...
#....#.♣...># #...
#....♣.∩.♣### #...
#....##♣## #..[ #....#
#... ###### .....


You could see an acid dragon and 3 centaurs.

Vanquished Creatures
  Harold (D:10)
  A two-headed ogre (D:9)
  An unseen horror (D:10)
  Maurice (D:8)
  A gargoyle (D:9)
  A hornet (D:10)
  2 hippogriffs (D:8)
  Sigmund (D:2)
  A wyvern (D:8)
  A wraith (D:11)
  3 hungry ghosts
  A water moccasin (D:6)
  6 orc warriors
  4 sky beasts
  An ice beast (D:6)
  3 necrophages
  A black bear (D:7)
  7 ogres
  4 phantoms
  6 centaurs
  A big kobold (D:9)
  Blork the orc (D:4)
  3 bullfrogs
  A water moccasin zombie (D:9)
  3 scorpions
  15 killer bees
  5 wights (D:8)
  2 crimson imps
  3 hounds
  A jelly (D:5)
  8 orc priests
  A centaur skeleton (D:9)
  A bullfrog skeleton (D:4)
  3 iguanas
  12 orc wizards
  Jessica (D:3)
  Ijyb (D:4)
  6 worker ants
  Natasha (D:3)
  A hound zombie (D:6)
  A mummy (D:5)
  Robin (D:3)
  A howler monkey zombie (D:8)
  12 gnolls
  A howler monkey skeleton (D:5)
  6 adders
  3 shadow imps
  2 oozes
  3 worms
  A dart slug (D:5)
  7 leopard geckos
  42 orcs
  A ball python (D:3)
  4 bats
  8 giant cockroaches
  21 goblins
  9 hobgoblins
  5 jackals
  13 kobolds
  2 quokkas
  6 frilled lizards
  A jackal skeleton (D:7)
  A jackal zombie (D:6)
  A leopard gecko skeleton (D:5)
  9 rats
278 creatures vanquished.

Notes
Turn   | Place    | Note
-------+----------+-------------------------------------------
     0 | D:1      | Rrauwl the Octopode Berserker began the quest for the Orb.
     0 | D:1      | Reached XP level 1. HP: 16/16 MP: 1/1
   178 | D:1      | Reached XP level 2. HP: 19/21 MP: 2/2
   454 | D:1      | Reached XP level 3. HP: 26/26 MP: 3/3
  1038 | D:2      | Reached ** piety under Trog
  1350 | D:2      | Noticed Sigmund
  1362 | D:2      | Reached skill level 1 in Shields
  1368 | D:2      | Killed Sigmund
  1368 | D:2      | Reached XP level 4. HP: 26/33 MP: 4/4
  1368 | D:2      | Reached XP level 5. HP: 29/37 MP: 5/5
  1689 | D:2      | Reached XP level 6. HP: 43/43 MP: 6/6
  1818 | D:2      | Gained mutation: You are resistant to electric shocks. (rElec) [potion of mutation]
  1818 | D:2      | Gained mutation: You are surrounded by a mild repulsion field. (EV +2) [potion of mutation]
  1818 | D:2      | Gained mutation: You have supernaturally acute eyesight. (SInv) [potion of mutation]
  2255 | D:3      | Noticed Natasha
  2263 | D:3      | Killed Natasha
  2437 | D:3      | Noticed Jessica
  2460 | D:3      | Noticed Robin
  2464 | D:3      | Reached *** piety under Trog
  2465 | D:3      | Killed Jessica
  2473 | D:3      | Killed Robin
  2683 | D:4      | Noticed Ijyb
  2686 | D:4      | Paralysed by Ijyb for 5 turns
  2694 | D:4      | Killed Ijyb
  2750 | D:4      | Reached XP level 7. HP: 48/49 MP: 7/7
  3077 | D:4      | Noticed Blork the orc
  3088 | D:4      | Killed Blork the orc
  3088 | D:4      | Reached skill level 5 in Fighting
  3088 | D:4      | Reached skill level 5 in Axes
  3088 | D:4      | Reached skill level 5 in Dodging
  3285 | D:5      | Entered Level 5 of the Dungeon
  3315 | D:5      | Reached **** piety under Trog
  3416 | D:5      | Reached XP level 8. HP: 40/55 MP: 8/8
  3468 | D:5      | You fall through a shaft for 3 floors!
  3510 | D:8      | Noticed a hippogriff
  3524 | D:8      | Killed a hippogriff
  3615 | D:8      | Found a glowing silver altar of Zin.
  3615 | D:8      | Noticed Maurice
  3641 | D:7      | Identified a scroll of acquirement
  4128 | D:5      | Found a bloodstained altar of Trog.
  4253 | D:5      | Identified the Almanac of Freezing Malediction
  4264 | D:5      | Reached XP level 9. HP: 44/61 MP: 9/9
  4476 | D:5      | Found Fifogiar's Book Boutique.
  4641 | D:6      | Reached ***** piety under Trog
  4864 | D:6      | Reached skill level 1 in Evocations
  5164 | D:6      | Found an ancient bone altar of Kikubaaqudgha.
  6004 | D:7      | Found a staircase to the Ecumenical Temple.
  6018 | D:7      | Received a gift from Trog
  6019 | D:7      | Reached XP level 10. HP: 44/66 MP: 12/12
  6162 | D:7      | Reached skill level 5 in Shields
  6355 | Temple   | Entered the Ecumenical Temple
  7544 | D:8      | Killed Maurice
  7742 | D:8      | Reached skill level 10 in Axes
  7742 | D:8      | Reached skill level 10 in Dodging
  8168 | D:9      | Noticed a two-headed ogre
  8184 | D:9      | Killed a two-headed ogre
  8526 | D:9      | Noticed a gargoyle
  8533 | D:9      | Killed a gargoyle
  8533 | D:9      | Reached XP level 11. HP: 71/71 MP: 14/14
  8678 | D:10     | Entered Level 10 of the Dungeon
  8701 | D:10     | Reached skill level 5 in Evocations
  8725 | D:10     | Noticed Harold
  8738 | D:10     | Killed Harold
  8819 | D:10     | Noticed an unseen horror
  8829 | D:10     | Killed an unseen horror
  9069 | D:10     | Received a gift from Trog
  9404 | D:10     | Paralysed by a hornet for 2 turns
  9895 | D:11     | Found Omeigiet's Jewellery Shop.
  9911 | D:11     | Slain by a centaur

Skill      XL: |  1  2  3  4  5  6  7  8  9 10 11 |
---------------+----------------------------------+-----
Shields        | 2 3 4 5 |  5.0
Fighting       | 4 5 |  5.0
Axes           | 4 5 7 8 10 11 | 11.4
Dodging        | 4 5 7 8 10 11 | 11.5
Evocations     | 3 4 5 |  5.0

Action                   |  1- 3 |  4- 6 |  7- 9 | 10-12 || total
-------------------------+-------+-------+-------+-------++-------
Melee: Hand axe          |    68 |    11 |       |       ||    79
       Tentacles         |    16 |    18 |    41 |    44 ||   119
       Constrict         |    17 |    29 |    35 |    28 ||   109
       War axe           |       |    70 |    71 |       ||   141
       Broad axe         |       |       |   118 |   168 ||   286
Invok: Berserk           |     1 |     3 |     7 |     7 ||    18
       Burn Spellbooks   |       |       |     3 |     1 ||     4
Evoke: Wand              |       |       |     2 |     4 ||     6
  Use: Potion            |     6 |     3 |     1 |     1 ||    11
       Scroll            |     3 |     2 |     5 |     5 ||    15
 Stab: Sleeping          |    12 |     4 |     4 |     3 ||    23
       Distracted        |       |     1 |       |       ||     1
  Eat: Chunk             |     1 |     8 |    17 |    13 ||    39
       Ration            |       |       |       |     3 ||     3
Armor: Skin              |     2 |     2 |     2 |     1 ||     7
Dodge: Dodged            |    26 |    45 |   113 |   114 ||   298
Block: Buckler           |     1 |    11 |    31 |    33 ||    76
